 Dungeon Crawl Stone Soup version 0.26-a0-1107-g6118521029 (webtiles) character file.

Game seed: 15446709701459899521

3293 vvl the Grappler (level 9, -12/85 HPs)
             Began as a Troll Monk on Dec 17, 2020.
             Shot with an arrow by a centaur warrior (31 damage)
             ... on level 8 of the Dungeon.
             The game lasted 00:32:35 (6455 turns).

vvl the Grappler (Troll Monk)                       Turns: 6455, Time: 00:32:36

Health: -12/85     AC:  2    Str: 24    XL:     9   Next: 69%
Magic:  8/8        EV: 12    Int:  6    God:
Gold:   235        SH:  0    Dex: 12    Spells: 8/8 levels left

rFire    . . .     SeeInvis .     - Unarmed
rCold    . . .     Faith    .   (no shield)
rNeg     + . .     Spirit   .   a - +0 robe
rPois    +         Reflect  .   (helmet restricted)
rElec    .         Harm     .   (no cloak)
rCorr    .         Rampage  .   (gloves unavailable)
Will     .....                  (boots unavailable)
Stlth    ++........             (no amulet)
HPRegen  0.64/turn              q - ring of positive energy
MPRegen  0.11/turn              I - ring of poison resistance

@: corroded
A: large, unfitting armour, claws 3, regeneration 1, shaggy fur 1, tough skin 3
a: no special abilities


You were on level 8 of the Dungeon.
You visited 2 branches of the dungeon, and saw 9 of its levels.
You also visited: Sewer.

You collected 313 gold pieces.
You spent 78 gold pieces at shops.

Inventory:

Hand Weapons
 t - a cursed -1 long sword
 u - a +2 short sword of flaming
 y - a +0 short sword of draining
 D - a +3 flail
 F - a +3 dire flail
 G - a cursed -3 short sword
 H - a cursed +0 falchion
Armour
 a - a +0 robe (worn)
Jewellery
 c - an uncursed ring of wizardry
 q - a ring of positive energy (left claw)
 x - an uncursed ring of resist corrosion
 I - a ring of poison resistance (right claw)
Wands
 i - a wand of iceblast (11)
 B - a wand of acid (7)
Scrolls
 f - 2 scrolls of magic mapping
 g - a scroll of blinking {unknown}
 h - 3 scrolls of enchant weapon {unknown}
 j - 2 scrolls of fog
 m - 4 scrolls of remove curse {unknown}
 n - 2 scrolls of enchant armour {unknown}
 o - 2 scrolls of noise {unknown}
 r - 3 scrolls of teleportation {unknown}
 s - 3 scrolls of immolation {unknown}
 z - 2 scrolls of amnesia {unknown}
 C - a scroll of holy word {unknown}
 E - a scroll of fear {unknown}
Potions
 b - a potion of mutation {unknown}
 d - 4 potions of attraction {unknown}
 e - a potion of curing
 k - 9 potions of flight
 l - 3 potions of heal wounds
 p - 2 potions of brilliance
 w - 6 potions of haste


   Skills:
 * Level 4.4 Fighting
 * Level 5.9 Dodging
 - Level 1.0 Stealth
 * Level 11.5 Unarmed Combat


You had 8 spell levels left.
You didn't know any spells.
Your spell library contained the following spells:

 Spells                   Type           Power        Failure   Level
 Animate Skeleton         Necr           #.....       45%         1
 Apportation              Tloc           #.....       45%         1
 Corona                   Hex            #......      45%         1
 Summon Small Mammal      Summ           #...         45%         1
 Call Imp                 Summ           #.......     58%         2
 Call Canine Familiar     Summ           #.......     83%         3
 Summon Guardian Golem    Hex/Summ       #.......     83%         3
 Cause Fear               Hex            #.........   99%         4
 Summon Ice Beast         Ice/Summ       #.......     99%         4
 Summon Lightning Spire   Summ/Air       #.......     99%         4
 Silence                  Hex/Air        #.........   100%        5
 Yara's Violent Unravell  Hex/Tmut       #.........   100%        5
 Discord                  Hex            #.........   100%        8


Dungeon Overview and Level Annotations

Branches:
Dungeon (8/15)             Temple (1/1) D:5           Sewer (visited)
   Lair: D:8-11

Altars:
Ashenzari
Cheibriados
Dithmenos
Elyvilon
Fedhas
Gozag
Kikubaaqudgha
Makhleb
Nemelex Xobeh
Okawaru
Qazlal
Ru
Sif Muna
Trog
Uskayaw
Wu Jian
Xom
Yredelemnul
Zin
The Shining One
Lugonu

Shops:
D:4 ![


Innate Abilities, Weirdness & Mutations

You are too large for most types of armour.
You have claws for hands.
Your natural rate of healing is unusually fast.
You are covered in fur. (AC +1)
You have extremely tough skin. (AC +3)


Message History

The centaur warrior shouts!
You hear a roar!
You hear a shout!
You hear a bark!
An acid dragon and a boulder beetle come into view.
The centaur warrior hits you!
You barely miss the centaur warrior. The centaur warrior hits you!
You claw the centaur warrior!
The centaur warrior is moderately wounded.
The centaur warrior hits you! The acid dragon spits acid at you.
The splash of acid hits you. The acid corrodes you!
You are splashed with acid!
The boulder beetle curls into a ball and begins rolling!
The centaur warrior barely misses you. The acid dragon spits acid at you.
The splash of acid misses you.
You hear a bark!
The boulder beetle hits you!!
* * * LOW HITPOINT WARNING * * *
The boulder beetle stops rolling and uncurls.
The centaur warrior wields a +0 longbow.
The centaur warrior shoots an arrow.
The arrow hits you!!
You die...

#..#.#.#c# #..#.#.#.# #
#...#○#.#.# # #...#.#.#B#
# #.c.#.#.#.. #
#..D#.#.#### # #..B#.#.. #
#...#.###### #
#..@#.......########
#######...########........
..........................
........#######.##########
........# #..# ........#
#.## ........# ####.##
........# #.....#
........###.....######


You could see a boulder beetle, a centaur warrior and an acid dragon (catching
breath).

Vanquished Creatures
  Grinder (Sewer)
  2 ice beasts
  4 black bears
  An orc warrior (D:7)
  A sky beast (D:6)
  2 phantoms
  An ogre (D:4)
  2 big kobolds (Sewer)
  5 bullfrogs
  3 scorpions
  3 killer bees (D:7)
  6 wights
  2 jellies (D:6)
  A bullfrog zombie (D:7)
  4 orc priests
  A hound (D:6)
  6 orc wizards
  A bullfrog skeleton (D:5)
  4 iguanas
  2 worker ants (D:7)
  4 big kobold zombies (Sewer)
  A hound skeleton (D:5)
  2 worker ant zombies
  16 adders
  8 gnolls
  3 shadow imps
  A white imp (D:5)
  5 ufetubi
  2 oozes (Sewer)
  An adder zombie (D:5)
  An adder skeleton (D:7)
  A worm (D:3)
  2 dart slugs
  3 leopard geckos
  24 orcs
  4 giant cockroaches
  6 goblins
  6 hobgoblins
  10 jackals
  19 kobolds
  4 quokkas
  7 ball pythons
  8 bats
  5 frilled lizards
  A giant cockroach zombie (D:5)
  3 rats
199 creatures vanquished.

Vanquished Creatures (others)
  A fungus (D:8)
  A plant (D:8)
2 creatures vanquished.

Grand Total: 201 creatures vanquished

Notes
Turn   | Place    | Note
-------+----------+-------------------------------------------
     0 | D:1      | vvl the Troll Monk began the quest for the Orb.
     0 | D:1      | Reached XP level 1. HP: 22/22 MP: 0/0
    66 | D:1      | Reached XP level 2. HP: 29/29 MP: 1/1
   796 | D:2      | Reached XP level 3. HP: 25/36 MP: 2/2
   839 | D:2      | Found a shimmering blue altar of Sif Muna.
  1222 | D:2      | Reached skill level 4 in Unarmed Combat
  1656 | D:3      | Reached XP level 4. HP: 44/44 MP: 3/3
  1840 | D:3      | Found a glowing silver altar of Zin.
  2198 | D:4      | Noticed an ogre
  2212 | D:4      | Killed an ogre
  2213 | D:4      | Reached skill level 5 in Unarmed Combat
  2213 | D:4      | Reached XP level 5. HP: 7/52 MP: 4/4
  2497 | D:4      | Found a glowing drain.
  2512 | Sewer    | Entered a sewer
  2603 | Sewer    | Reached XP level 6. HP: 61/61 MP: 5/5
  2616 | Sewer    | Reached skill level 6 in Unarmed Combat
  2635 | Sewer    | Noticed Grinder
  2653 | Sewer    | Killed Grinder
  2654 | Sewer    | Reached skill level 7 in Unarmed Combat
  2654 | Sewer    | Reached XP level 7. HP: 29/67 MP: 6/6
  2737 | Sewer    | Found an ancient bone altar of Kikubaaqudgha.
  3027 | D:4      | Found Yladd's Antique Armour Emporium.
  3144 | D:4      | Found Gaufol's Distillery.
  3151 | D:4      | Bought a potion of lignification for 39 gold pieces
  3151 | D:4      | Bought a potion of lignification for 39 gold pieces
  3598 | D:5      | Entered Level 5 of the Dungeon
  3678 | D:5      | Found a staircase to the Ecumenical Temple.
  3684 | Temple   | Entered the Ecumenical Temple
  3911 | D:5      | Reached skill level 8 in Unarmed Combat
  3990 | D:5      | Found an iron altar of Okawaru.
  3995 | D:5      | Found an ornate altar of the Wu Jian Council.
  3998 | D:5      | Found a glowing golden altar of the Shining One.
  4088 | D:5      | Found a stormy altar of Qazlal.
  4150 | D:5      | Found a snail-covered altar of Cheibriados.
  4265 | D:5      | Reached XP level 8. HP: 65/75 MP: 7/7
  4951 | D:6      | Reached skill level 9 in Unarmed Combat
  4998 | D:6      | Reached skill level 5 in Dodging
  5052 | D:6      | Found a hide-covered altar of Uskayaw.
  5121 | D:6      | Found a broken altar of Ashenzari.
  5122 | D:6      | Found an ancient bone altar of Kikubaaqudgha.
  5241 | D:6      | Found a burning altar of Makhleb.
  5241 | D:6      | Noticed a cacodemon
  5244 | D:6      | Noticed a smoke demon
  5476 | D:7      | Reached skill level 10 in Unarmed Combat
  5476 | D:7      | Reached XP level 9. HP: 84/84 MP: 8/8
  6049 | D:7      | Found an opulent altar of Gozag.
  6202 | D:7      | Reached skill level 11 in Unarmed Combat
  6440 | D:8      | Noticed a centaur warrior
  6442 | D:8      | Noticed a boulder beetle
  6455 | D:8      | Shot with an arrow by a centaur warrior

Illustrated notes

Levels and vault maps discovered:
D:1:      grunt_arrival_lava_bath, layout_basic
D:2:      layout_basic, led_sif_pool, minivault_4
D:3:      layout_loops_ring, zin_statuary
D:4:      layout_basic, serial_shops, shop_fountains,
          cheibrodos_sewer_entry_drain, kennysheep_windowed_goal
D:5:      layout_loops_corners, lemuel_round_altar,
          minmay_overflow_temple_star_quad, minmay_temple_entry_fiery,
          basic_altar
D:6:      layout_basic, makhleb_altar_promises_db, kennysheep_mini_moat,
          gammafunk_temple_overflow_pools, serial_glass, glass_columns_c,
          glass_columns_a, glass_columns_c, glass_columns_c
D:7:      layout_basic, lemuel_coloured_pillars_altar
D:8:      minmay_distorted_concentric_squares, layout_basic,
          lemuel_crystal_altar, kennysheep_mini, grunt_lair_entry_orc_guard_hut,
          nicolae_gozag_seed_capital
Temple:   corrupted_temple

Skill      XL: |  1  2  3  4  5  6  7  8  9 |
---------------+----------------------------+-----
Unarmed Combat | 4 5 7 8 10 11 | 11.5
Dodging        | 3 4 5 |  5.9
Fighting       | 3 4 |  4.4
Stealth        | |  1.0

Action                   |  1- 3 |  4- 6 |  7- 9 || total
-------------------------+-------+-------+-------++-------
Melee: Unarmed           |   107 |   132 |   395 ||   634
       Punch             |     1 |     2 |    15 ||    18
  Use: Scroll            |       |       |    12 ||    12
       Potion            |       |       |     6 ||     6
 Stab: Sleeping          |     3 |     1 |     3 ||     7
Armor: Robe              |    42 |    55 |   112 ||   209
       Skin              |       |       |    55 ||    55
Dodge: Dodged            |    54 |    89 |   219 ||   362

Table legend: (Time is in decaauts)
 A = Elapsed time spent in this place.
 B = Non-inter-level travel time spent in this place.
 C = Inter-level travel time spent in this place.
 D = Time resting spent in this place.
 E = Time spent auto-exploring this place.
 F = Levels seen in this place.
 G = Mean time per level.
                   A        B        C        D        E       F      G
               +--------+--------+--------+--------+--------+-----+--------+
         Total |   6375 |   6017 |    358 |    594 |   4199 |  10 |  637.5 |
       Dungeon |   5820 |   5503 |    317 |    531 |   4022 |   8 |  727.5 |
        Temple |     71 |     30 |     41 |      0 |     29 |   1 |   71.0 |
         Sewer |    483 |    483 |      0 |     63 |    148 |   1 |  483.0 |
               +--------+--------+--------+--------+--------+-----+--------+

Top non-repeatable levels by time:
     D:5: 1030 daAuts
     D:4: 976 daAuts
     D:2: 970 daAuts
     D:7: 838 daAuts
     D:6: 646 daAuts
     D:1: 582 daAuts
     D:3: 562 daAuts
   Sewer: 483 daAuts
     D:8: 213 daAuts
  Temple: 71 daAuts
